 Dungeon Crawl Stone Soup version 0.19.4-8-ga85b6b9 (console) character file.

111 Grinner the Ruffian (level 4, -5/36 HPs)
             Began as a Minotaur Transmuter on Feb 8, 2017.
             Slain by a gnoll (9 damage)
             ... on level 2 of the Dungeon.
             The game lasted 00:05:11 (2136 turns).

Grinner the Ruffian (Minotaur Transmuter)           Turns: 2136, Time: 00:05:12

Health: -5/36      AC:  3    Str: 15    XL:     4   Next: 62%
Magic:  3/5        EV: 13    Int: 11    God:
Gold:   99         SH:  2    Dex: 10    Spells: 2 memorised, 1 level left

rFire  . . .     SeeInvis .       - Unarmed
rCold  . . .     Gourm    .     b - +0 robe
rNeg   . . .     Faith    .     (no shield)
rPois  .         Spirit   .     (helmet restricted)
rElec  .         Reflect  +     (no cloak)
rCorr  .         Harm     .     h - +0 pair of gloves
MR     .....                    (boots currently unavailable)
Stlth  +.........               e - +2 amulet of reflection
                                (no ring)
                                (no ring)

@: appendage (expiring), very slightly contaminated, hasted, very quick
A: retaliatory headbutt, horns 2, talons 3
a: End Transformation


You were on level 2 of the Dungeon.
You were hungry.
You had grown temporary talons.
You visited 1 branch of the dungeon, and saw 2 of its levels.

You collected 99 gold pieces.

Inventory:

Missiles
 a - 34 arrows
Armour
 b - a +0 robe (worn)
 h - a +0 pair of gloves (worn)
Jewellery
 e - a +2 amulet of reflection (around neck)
Scrolls
 i - a scroll of recharging {unknown}
 k - a scroll of amnesia {unknown}
 l - a scroll of immolation {unknown}
 m - a scroll of remove curse
Books
 c - a book of Changes

   Spells                             Type                      Level
   a - Beastly Appendage              Transmutation                1
   b - Sticks to Snakes               Transmutation                2
   c - Spider Form                    Transmutation/Poison         3
   d - Ice Form                       Ice/Transmutation            4
   e - Blade Hands                    Transmutation                5
Comestibles
 d - a bread ration
 f - 5 meat rations
 j - 2 slices of pizza
 n - a chunk of flesh


   Skills:
 - Level 2.1 Fighting
 + Level 3.3 Dodging
 * Level 3.6 Unarmed Combat
 - Level 1.3 Spellcasting
 * Level 3.0 Transmutations


You had one spell level left.
You knew the following spells:

 Your Spells              Type           Power        Failure   Level  Hunger
x - Spider Form           Tmut/Pois      #.........   61%         3    ####...
z - Beastly Appendage     Tmut           #.....       12%         1    ##.....


Dungeon Overview and Level Annotations

Branches:
Dungeon (2/15)

Altars:


Innate Abilities, Weirdness & Mutations

You reflexively headbutt those who attack you in melee.
You have a pair of horns on your head.
You have claws for feet.


Message History

You headbutt the gnoll, but do no damage.
The gnoll barely misses you.
You closely miss the gnoll. Your kick misses the gnoll.
The gnoll barely misses you.
You punch the gnoll! You claw the gnoll, but do no damage.
The gnoll is heavily wounded.
Your transformation is almost over.
The gnoll hits you.
* * * LOW HITPOINT WARNING * * *
The gnoll hits you from afar with a spear.
* * * LOW HITPOINT WARNING * * *
You feel yourself speed up. The gnoll closely misses you. The gnoll hits you.
* * * LOW HITPOINT WARNING * * *
You are very lightly contaminated with residual magic.
You hit the gnoll but do no damage.
The gnoll is heavily wounded.
You barely miss the gnoll. Your kick misses the gnoll.
The gnoll is heavily wounded.
The gnoll barely misses you. The gnoll hits you!
You die...

.....#.#.#.#.....(...#
####.#'#.#.#.#♣♣†♣♣#.#
...#.....#...# ♣.♣ #.#
...+.....#.÷.# #.###.#
..(##...<....# #.....#
...##....#..##.##...############
...##(...#..##......'..........##
...##....#...####...######.......
.............)gg@...+....'.......
######'#.#.#..###...##.###.......
#.#.#.##.###...##.###.......
#.#.#<##...................#
#.#.#.†.÷..######.##........
#..[.####..######.##.>.....#
#....+..g.........##.......#
#....#####.######.##.......#
#....# #..# #.##.####...


You could see 2 gnolls.

Vanquished Creatures
  2 gnolls
  3 adders (D:2)
  An ooze (D:2)
  2 worms (D:2)
  5 dart slugs
  2 leopard geckos
  2 giant cockroaches (D:2)
  5 goblins (D:1)
  5 hobgoblins
  12 bats
  3 frilled lizards
  A kobold (D:1)
  6 rats
49 creatures vanquished.

Notes
Turn   | Place    | Note
-------+----------+-------------------------------------------
     0 | D:1      | Grinner the Minotaur Transmuter began the quest for the Orb.
     0 | D:1      | Reached XP level 1. HP: 16/16 MP: 1/1
   148 | D:1      | Reached XP level 2. HP: 17/23 MP: 3/3
   676 | D:1      | Reached XP level 3. HP: 20/29 MP: 2/4
  1461 | D:2      | Learned a level 3 spell: Spider Form
  1639 | D:2      | Reached XP level 4. HP: 36/36 MP: 0/5
  2136 | D:2      | Slain by a gnoll

Skill      XL: |  1  2  3  4 |
---------------+-------------+-----
Transmutations | 2 3 |  3.0
Fighting       | 2 |  2.1
Dodging        | 3 |  3.3
Unarmed Combat | |  3.6
Spellcasting   | |  1.3

Action                   |  1- 3 |  4- 6 || total
-------------------------+-------+-------++-------
Melee: Unarmed           |    95 |    42 ||   137
       Headbutt          |    14 |     7 ||    21
       Kick              |     4 |     5 ||     9
 Cast: Beastly Appendage |     2 |     3 ||     5
       Spider Form       |     1 |     1 ||     2
  Use: Scroll            |     5 |       ||     5
       Potion            |       |     1 ||     1
 Stab: Sleeping          |     2 |       ||     2
  Eat: Chunk             |     3 |     1 ||     4
Armor: Robe              |    16 |     7 ||    23
       Leather armour    |     4 |       ||     4
Dodge: Dodged            |    54 |    29 ||    83
Block: Other             |     1 |     1 ||     2
